 Dungeon Sprint DCSS version 0.30-a0-50-gb2d611f6b1 (webtiles) character file.

Game seed: 10608768873812329383

97 MrFrogsmire the Cudgeller (level 4, -2/42 HPs)
             Began as a Palentonga Berserker on Sept 4, 2022.
             Was a Priest of Trog.
             Slain by an iguana (6 damage)
             ... in the Dungeon (Sprint IX: "|||||||||||||||||||||||||||||").
             The game lasted 00:01:24 (105 turns).

MrFrogsmire the Cudgeller (Palentonga Berserker)     Turns: 105, Time: 00:01:24

Health: -2/42      AC:  4    Str: 22    XL:     4   Next: 42%
Magic:  4/4        EV: 10    Int:  8    God:    Trog [***...]
Gold:   0          SH:  0    Dex: 11    Spells: 3/3 levels left

rFire   . . .      SeeInvis +    a - +0 mace
rCold   . . .      Faith    .    (no shield)
rNeg    . . .      Spirit   .    b - +0 animal skin
rPois   .          Reflect  .    (no helmet)
rElec   .          Harm     .    (no cloak)
rCorr   .          Rampage  .    (no gloves)
Will    .....      NoTele   +    (no barding)
Stlth   +.........               (no amulet)
HPRegen 0.14/turn                (no ring)
MPRegen 0.09/turn                (no ring)

@: no status effects
A: large, rugged brown scales 3, see invisible, deformed body, roll 1, armoured
tail
a: Rolling Charge, Renounce Religion, Berserk, Trog's Hand


You were in the Dungeon.
You worshipped Trog.
Trog was most pleased with you.
You visited 1 branch

Inventory:

Hand Weapons
 a - a +0 mace (weapon)
Armour
 b - a +0 animal skin (worn)
Scrolls
 h - a scroll of blinking
Potions
 c - a potion of curing
 d - a potion of heal wounds
 e - a potion of haste
 f - 2 potions of magic
 g - a potion of berserk rage


   Skills:
 + Level 5.9 Fighting
 + Level 6.5 Maces & Flails
 + Level 2.7 Armour
 + Level 2.9 Dodging


You had 3 spell levels left.
You didn't know any spells.
Your spell library was empty.

Dungeon Overview and Level Annotations

Branches:
Dungeon (1/1)

Altars:


Innate Abilities, Weirdness & Mutations

You are completely covered in rugged brown scales. (AC +3, +7% HP)
You have supernaturally acute eyesight. (SInv)
Armour fits poorly on your strangely shaped body.
You can roll at nearby foes to attack.
You have a long armoured tail.


Message History

You sock the necrophage!
Your tail-slap misses the necrophage.
The necrophage is severely damaged.
The necrophage hits you but does no damage.
You hit the necrophage.
The necrophage is almost destroyed.
The necrophage hits you.
* * * LOW HITPOINT WARNING * * *
You sock the necrophage!
You destroy the necrophage!
Trog accepts your kill.
The hound pauses to sniff the ground.
The jelly barely misses you.
Your Fighting skill gained 2 levels and is now at level 5!
Your Maces & Flails skill gained 2 levels and is now at level 5!
Your Armour skill increases to level 2!
Your Dodging skill increases to level 2!
You have reached level 2!
You have reached level 3!
Your experience leads to an increase in your attributes!
Increase (S)trength, (I)ntelligence, or (D)exterity?
You feel agile. x2
You hit the jelly.
Your hands burn!
* * * LOW HITPOINT WARNING * * *
You tail-slap the jelly!
The jelly is severely wounded.
The jelly hits you but does no damage.
You hit the jelly.
Your hands burn!
* * * LOW HITPOINT WARNING * * *
The jelly is almost dead.
The jelly closely misses you.
You hit the jelly.
You kill the jelly!
Trog accepts your kill.
Your Maces & Flails skill increases to level 6!
You have reached level 4!
You feel clever.
You hit the iguana.
The iguana is lightly wounded.
The iguana bites you.
You die...

▓+▓
▓.▓
▓.▓
▓.▓
▓o▓
▓h▓
▓l▓
▓@▓
▓.▓
▓.▓
▓.▓
▓.▓
▓†▓
▓.▓
▓.▓
▓.▓


You could see an iguana, a hound and an orc wizard.

Vanquished Creatures
  A necrophage (D)
  A jelly (D)
  A giant cockroach (D)
  A hobgoblin (D)
  A bat (D)
  2 frilled lizards (D)
7 creatures vanquished.

Notes
Turn   | Place    | Note
-------+----------+-------------------------------------------
     0 | D        | MrFrogsmire the Palentonga Berserker began the quest for
                  | the Orb.
     0 | D        | Reached XP level 1. HP: 19/19 MP: 1/1
    13 | D        | Reached ** piety under Trog
    94 | D        | Noticed an orc wizard
    94 | D        | Noticed a hound
    94 | D        | Noticed an iguana
    94 | D        | Noticed a jelly
    94 | D        | Noticed a necrophage
   101 | D        | Killed a necrophage
   102 | D        | Reached skill level 5 in Fighting
   102 | D        | Reached skill level 5 in Maces & Flails
   102 | D        | Reached XP level 2. HP: 6/28 MP: 2/2
   102 | D        | Reached XP level 3. HP: 8/35 MP: 3/3
   104 | D        | Reached *** piety under Trog
   105 | D        | Reached skill level 6 in Maces & Flails
   105 | D        | Reached XP level 4. HP: 4/42 MP: 4/4
   105 | D        | Slain by an iguana

Illustrated notes

Levels and vault maps discovered:
D:        linesprint [early_d, line_temple, items_1, d_10, items_2, lair_1,
          lair_end, items_3, orc_1, orc_end, items_4, d_15, swamp_1, shoals_1,
          snake_1, spider_1, d_20, vaults_1, items_5, swamp_end, shoals_end,
          snake_end, spider_end, vaults_end, d_27, items_6, zot_1, zot_end,
          crypt_end, forest_end, elf_end, slime_end, tomb_end, abyss_end,
          pan_hell_end]

Skill      XL: |  1  2  3 |
---------------+----------+-----
Fighting       | 5 |  5.9
Maces & Flails | 5 6 |  6.5
Armour         | 2 |  2.7
Dodging        | 2 |  2.9

Action                   |  1- 3 |  4- 6 || total
-------------------------+-------+-------++-------
Melee: Mace              |    20 |     1 ||    21
       Tailslap          |     3 |       ||     3
Armor: Animal skin       |     5 |       ||     5
Dodge: Dodged            |     7 |       ||     7

Table legend: (Time is in decaauts)
 A = Elapsed time spent in this place.
 B = Non-inter-level travel time spent in this place.
 C = Inter-level travel time spent in this place.
 D = Time resting spent in this place.
 E = Time spent auto-exploring this place.
 F = Levels seen in this place.
 G = Mean time per level.
                   A        B        C        D        E       F      G
               +--------+--------+--------+--------+--------+-----+--------+
         Total |    109 |    102 |      7 |      0 |      0 |   1 |  109.0 |
       Dungeon |    109 |    102 |      7 |      0 |      0 |   1 |  109.0 |
               +--------+--------+--------+--------+--------+-----+--------+

Top non-repeatable levels by time:
       D: 109 daAuts
